 Dungeon Crawl Stone Soup version 0.21-a0-125-gb006224 (webtiles) character file.

255 Chiseanne the Ducker (level 6, 0/51 HPs)
             Began as a Gnoll Wanderer on July 14, 2017.
             Succumbed to a worker ant's poison
             ... on level 4 of the Dungeon.
             The game lasted 00:06:39 (3664 turns).

Chiseanne the Ducker (Gnoll Wanderer)               Turns: 3664, Time: 00:06:39

Health: 0/51       AC:  7    Str: 11    XL:     6   Next: 15%
Magic:  8/8        EV: 12    Int: 17    God:
Gold:   188        SH:  0    Dex: 11    Spells: 5/5 levels left

rFire    + . .     SeeInvis .   a - +0 short sword
rCold    . . .     Gourm    .   (no shield)
rNeg     . . .     Faith    .   h - +2 ring mail {rF+}
rPois    .         Spirit   .   (no helmet)
rElec    .         Reflect  .   x - scarf {repulsion}
rCorr    .         Harm     .   (no gloves)
MR       .....                  (no boots)
Stlth    +.........             (no amulet)
HPRegen  0.17/turn              (no ring)
MPRegen  0.11/turn              (no ring)

@: lethally poisoned (0 -> -19), repel missiles
A: short attention span, fangs 1, strong nose
a: no special abilities


You were on level 4 of the Dungeon.
You were near starving.

You visited 1 branch of the dungeon, and saw 4 of its levels.

You collected 188 gold pieces.

Inventory:

Hand Weapons
 a - a +0 short sword (weapon)
 d - a +0 dagger
 q - a +0 trident
Missiles
 b - 2 throwing nets (quivered)
 e - 9 poisoned needles
 j - 69 stones
 n - 4 arrows
 y - 25 bolts
Armour
 h - a +2 ring mail of fire resistance (worn)
 u - a +0 leather armour
 x - a scarf of repulsion (worn)
Wands
 l - a wand of random effects (13/48)
Scrolls
 g - a scroll of enchant armour {unknown}
 k - 5 scrolls of identify {unknown}
 m - 2 scrolls of amnesia {unknown}
 w - a scroll of fear {unknown}
 B - a scroll of magic mapping {unknown}
Potions
 c - 3 potions of curing
 i - a potion of heal wounds
 o - a potion of flight {unknown}
 p - a potion of might {unknown}
 r - 2 potions of agility {unknown}
 s - a potion of invisibility
 z - a potion of lignification {unknown}
 A - a potion of haste {unknown}
Comestibles
 f - 3 bread rations
 t - a fruit
 v - a royal jelly


   Skills:
 * Level 5.0 Fighting
 * Level 4.3 Armour
 * Level 5.9 Dodging
 - Level 1.5 Stealth
   Level 3.2 Shields
 - Level 1.7 Unarmed Combat
   Level 3.2 Transmutations
   Level 1.7 Earth Magic
 * Level 3.8 Evocations


You had 5 spell levels left.
You didn't know any spells.

Dungeon Overview and Level Annotations

Branches:
Dungeon (4/15)
 Temple: D:4-7

Altars:
Elyvilon
Sif Muna
The Shining One

Annotations:
D:3 MirrMurr's ghost, amateur SpEn


Innate Abilities, Weirdness & Mutations

You have a short attention span.
You have very sharp teeth.
Your uncanny sense of smell can sniff out nearby items.


Message History

You are more poisoned.
The worker ant poisons you!
You closely miss the worker ant.
The worker ant is severely wounded.
* * * LOW HITPOINT WARNING * * *
You feel sick. The worker ant bites you.
* * * LOW HITPOINT WARNING * * *
You closely miss the worker ant.
The worker ant is severely wounded.
* * * LOW HITPOINT WARNING * * *
You feel very sick. The worker ant barely misses you. x2
You hit the worker ant.
You bite the worker ant, but do no damage.
The worker ant is almost dead.
* * * LOW HITPOINT WARNING * * *
You feel sick. The worker ant closely misses you.
You barely miss the worker ant.
The worker ant is almost dead.
You die...

####...# #.# .∆
##<## #.# ∆ ## #.#
#.#
######.########.#
.............##.#
.#####.#####.##.#
∆# .# #.# ####.#
.##.. .# #.#
######.##.....# .#
#####.##...@a$?...#
.#
##..##.#.##..##.#
.# ##...####.. .#
.######....######
=. .#......#..#.##
## .'.#######.._.#
##......#..#.##
######....###
##...#


You could see a worker ant.

Vanquished Creatures
  A hound (D:4)
  An orc priest (D:3)
  Jessica (D:2)
  Natasha (twice) (D:2)
  2 adders (D:2)
  2 oozes
  2 worms
  4 leopard geckos
  3 orcs
  8 giant cockroaches
  6 goblins
  7 hobgoblins
  3 jackals (D:2)
  2 kobolds (D:1)
  A quokka (D:2)
  2 ball pythons
  6 bats
  5 frilled lizards
  A leopard gecko skeleton (D:2)
  3 rats
62 creatures vanquished.

Vanquished Creatures (others)
  Natasha (D:2)
  A jackal (D:2)
2 creatures vanquished.

Grand Total: 64 creatures vanquished

Notes
Turn   | Place    | Note
-------+----------+-------------------------------------------
     0 | D:1      | Chiseanne the Gnoll Wanderer began the quest for the Orb.
     0 | D:1      | Chiseanne set off with: a +0 leather armour, 2 throwing nets, 2 potions of curing, a +0 dagger, a bread ration
     0 | D:1      | Reached XP level 1. HP: 16/16 MP: 1/1
   137 | D:1      | Reached XP level 2. HP: 15/23 MP: 2/2
   712 | D:1      | Reached skill level 1 in Armour
   856 | D:1      | Reached XP level 3. HP: 27/29 MP: 3/3
  1155 | D:2      | Noticed Natasha
  1205 | D:2      | Killed Natasha
  1312 | D:2      | Noticed Jessica
  1341 | D:2      | Killed Jessica
  1341 | D:2      | Reached skill level 5 in Dodging
  1341 | D:2      | Reached XP level 4. HP: 36/37 MP: 4/4
  1595 | D:2      | Noticed Natasha
  1605 | D:2      | Killed Natasha
  1605 | D:2      | Reached skill level 1 in Evocations
  1695 | D:2      | Reached XP level 5. HP: 36/43 MP: 4/6
  2482 | D:2      | Noticed Natasha
  2483 | D:2      | Killed Natasha
  3208 | D:3      | Found a white marble altar of Elyvilon.
  3401 | D:3      | Found a deep blue altar of Sif Muna.
  3416 | D:3      | Noticed MirrMurr's ghost (amateur SpEn)
  3520 | D:4      | Reached XP level 6. HP: 48/50 MP: 8/8
  3539 | D:4      | Reached skill level 5 in Fighting
  3579 | D:4      | Found a glowing golden altar of the Shining One.
  3662 | D:4      | HP: 2/51 [poisoned by a worker ant]
  3664 | D:4      | Succumbed to a worker ant's poison

Vault maps used:
D:1:      kennysheep_arrival_seaside, minmay_pentomino_v2
D:2:      first_bread, minmay_bisected, uniq_jessica, uniq_natasha
D:3:      minmay_roachtagon, grunt_temple_overflow_cloverleaf,
          old_standard_altar, elyvilon_altar_5
D:4:      nicolae_tso_swordbearing_angel, grunt_dithmenos_smoke_and_mirrors

Skill      XL: |  1  2  3  4  5  6 |
---------------+-------------------+-----
Fighting       | 2 3 4 5 |  5.0
Dodging        | 4 5 |  5.9
Armour         | 1 2 3 4 |  4.3
Evocations     | 1 3 |  3.8
Stealth        | |  1.5
Shields        | |  3.2
Unarmed Combat | |  1.7
Transmutations | |  3.2
Earth Magic    | |  1.7

Action                   |  1- 3 |  4- 6 || total
-------------------------+-------+-------++-------
Melee: Dagger            |   167 |    82 ||   249
       Bite              |     6 |    22 ||    28
       Punch             |     1 |       ||     1
       Short sword       |       |   152 ||   152
       Trident           |       |    80 ||    80
Evoke: Wand              |       |     5 ||     5
  Use: Scroll            |     1 |     1 ||     2
       Potion            |     3 |     1 ||     4
 Stab: Invisible         |     1 |       ||     1
       Confused          |       |     1 ||     1
  Eat: Chunk             |     2 |     6 ||     8
Armor: Ring mail         |    62 |   138 ||   200
Dodge: Dodged            |   104 |   231 ||   335
